General information
- name: BNet
- type: Ladder team game (AT/RT)
- host: Battle.net
- saver: Sorrowmarch
map: GolemsInTheMist
- players: 8
- length: 25:23
- speed: Fast
- version: 1.26 W3XP
- replay type: Public
» download(151 KB)
Players
team 1 (loser)

»
ICONTROLTHEGAME (
red | 111 APM | 2290 actions | 20:36)
5 Death Knight
3 Death Coil
2 Unholy Aura
3 Lich
2 Frost Nova
1 Dark Ritual
» actions
| Assign group hotkey | 232 | |
| Basic commands | 6 | |
| Build / train | 47 | |
| Enter build submenu | 17 | |
| Enter hero's abilities submenu | 8 | |
| Remove unit from queue | 1 | |
| Right click | 996 | |
| Select / deselect | 165 | |
| Select group hotkey | 732 | |
| Use ability | 86 | |
2290 total
» units
| Acolyte | 12 | |
| Ghoul | 3 | |
| Crypt Fiend | 10 | |
| Frost Wyrm | 2 | |
| Meatwagon | 2 | |
29 total
» upgrades
» buildings
| Graveyard | 1 | |
| Crypt | 1 | |
| Ziggurat | 8 | |
| Altar of Darkness | 1 | |
| Tomb of Relics | 1 | |
| Halls of the Dead | 1 | |
| Black Citadel | 1 | |
| Sacrificial Pit | 1 | |
| Boneyard | 1 | |
16 total
» build order
00:10 Graveyard
00:14 Crypt
00:49 Ziggurat
01:26 Altar of Darkness
02:12 Tomb of Relics
02:26 Ziggurat
03:43 Halls of the Dead
05:23 Ziggurat
06:27 Black Citadel
07:21 Ziggurat
07:28 Sacrificial Pit
09:20 Boneyard
09:21 Ziggurat
14:33 Ziggurat
15:53 Ziggurat
15:57 Ziggurat
» items
| Rod of Necromancy | 2 | |
| Healing Salve | 1 | |
| Potion of Healing | 1 | |
4 total
Beetlejuice (
blue | 43 APM | 1092 actions | 25:23)
6 Blademaster
3 Wind Walk
2 Critical Strike
1 Bladestorm
» actions
| Assign group hotkey | 41 | |
| Basic commands | 32 | |
| Build / train | 64 | |
| Enter build submenu | 33 | |
| Enter hero's abilities submenu | 6 | |
| Give item / drop item | 8 | |
| Right click | 442 | |
| Select / deselect | 255 | |
| Select group hotkey | 100 | |
| Use ability | 110 | |
1092 total
» units
| Peon | 8 | |
| Grunt | 8 | |
| Goblin Shredder | 1 | |
| Wind Rider | 7 | |
| Goblin Sapper | 8 | |
| Goblin Zeppelin | 1 | |
33 total
» upgrades
| Ranged Weapons | 3 | |
| Armor | 3 | |
| Reinforced Defenses | 1 | |
| Envenomed Spears | 1 | |
8 total
» buildings
| Orc Burrow | 4 | |
| Altar of Storms | 1 | |
| Barracks | 1 | |
| Voodoo Lounge | 1 | |
| Stronghold | 4 | |
| War Mill | 1 | |
| Beastiary | 4 | |
| Great Hall | 2 | |
| Watch Tower | 20 | |
| Fortress | 1 | |
39 total
» build order
00:13 Orc Burrow
00:51 Altar of Storms
00:52 Barracks
01:05 Orc Burrow
01:39 Voodoo Lounge
02:50 Stronghold
02:50 Stronghold
02:50 Stronghold
03:52 Orc Burrow
04:32 Orc Burrow
05:15 War Mill
05:33 Beastiary
05:36 Beastiary
06:42 Great Hall
08:17 Watch Tower
08:17 Watch Tower
08:17 Watch Tower
08:18 Watch Tower
08:58 Watch Tower
09:00 Watch Tower
09:02 Watch Tower
09:03 Watch Tower
09:04 Watch Tower
09:10 Watch Tower
09:11 Watch Tower
09:14 Watch Tower
10:00 Fortress
12:58 Beastiary
13:00 Beastiary
22:12 Great Hall
22:19 Watch Tower
22:20 Watch Tower
22:20 Watch Tower
22:20 Watch Tower
22:27 Watch Tower
22:27 Watch Tower
22:28 Watch Tower
22:28 Watch Tower
» items
| Healing Salve | 5 | |
| Scroll of Town Portal | 1 | |
| Orb of Corruption | 1 | |
| Scroll of Healing | 1 | |
| Potion of Healing | 1 | |
| Mechanical Critter | 2 | |
11 total
delicate-flower (
green | 55 APM | 1403 actions | 25:23)
3 Blood Mage
2 Flame Strike
1 Banish
» actions
| Assign group hotkey | 25 | |
| Basic commands | 37 | |
| Build / train | 68 | |
| Enter build submenu | 34 | |
| Enter hero's abilities submenu | 3 | |
| Right click | 553 | |
| Select / deselect | 300 | |
| Select group hotkey | 294 | |
| Use ability | 89 | |
1403 total
» units
| Peasant | 20 | |
| Footman | 4 | |
| Goblin Shredder | 2 | |
| Rifleman | 5 | |
| Goblin Sapper | 8 | |
39 total
» upgrades
| Masonry | 3 | |
| Gunpowder | 3 | |
| Long Rifles | 1 | |
| Armor | 2 | |
9 total
» buildings
| Altar of Kings | 1 | |
| Barracks | 3 | |
| Farm | 9 | |
| Scout Tower | 26 | |
| Arcane Tower | 1 | |
| Lumber Mill | 2 | |
| Town Hall | 5 | |
| Guard Tower | 11 | |
| Keep | 3 | |
| Blacksmith | 1 | |
| Castle | 1 | |
| Arcane Vault | 1 | |
64 total
» build order
00:08 Altar of Kings
00:21 Barracks
00:36 Farm
00:51 Farm
01:33 Scout Tower
01:37 Farm
01:59 Arcane Tower
02:52 Farm
04:05 Lumber Mill
04:51 Town Hall
05:03 Town Hall
05:19 Farm
05:56 Scout Tower
06:15 Guard Tower
06:18 Scout Tower
06:29 Scout Tower
06:33 Guard Tower
06:35 Scout Tower
06:52 Scout Tower
06:53 Guard Tower
06:55 Scout Tower
06:58 Scout Tower
06:58 Scout Tower
07:07 Scout Tower
07:26 Guard Tower
07:32 Farm
07:36 Lumber Mill
07:42 Scout Tower
07:42 Scout Tower
07:43 Scout Tower
07:44 Scout Tower
07:44 Scout Tower
07:45 Scout Tower
07:51 Scout Tower
08:00 Scout Tower
08:18 Guard Tower
08:22 Guard Tower
09:15 Guard Tower
09:18 Keep
09:19 Keep
09:21 Guard Tower
09:26 Keep
09:54 Scout Tower
09:54 Scout Tower
09:55 Scout Tower
09:55 Scout Tower
09:56 Scout Tower
09:56 Scout Tower
09:57 Scout Tower
09:57 Scout Tower
10:45 Guard Tower
11:23 Guard Tower
11:47 Town Hall
12:08 Town Hall
12:17 Blacksmith
12:24 Barracks
12:28 Castle
12:33 Town Hall
12:46 Barracks
12:56 Arcane Vault
13:42 Farm
13:44 Farm
13:44 Farm

»
JTDragonHatcher (
pink | 15 APM | 289 actions | 19:08)
3 Death Knight
2 Death Coil
1 Unholy Aura
» actions
| Build / train | 30 | |
| Enter build submenu | 15 | |
| Enter hero's abilities submenu | 3 | |
| Remove unit from queue | 1 | |
| Right click | 118 | |
| Select / deselect | 107 | |
| Use ability | 15 | |
289 total
» units
| Acolyte | 2 | |
| Ghoul | 2 | |
| Crypt Fiend | 11 | |
| Abomination | 3 | |
18 total
» upgrades
» buildings
| Altar of Darkness | 1 | |
| Ziggurat | 8 | |
| Crypt | 1 | |
| Graveyard | 1 | |
| Nerubian Tower | 2 | |
| Tomb of Relics | 1 | |
| Halls of the Dead | 1 | |
| Slaughterhouse | 2 | |
| Black Citadel | 1 | |
18 total
» build order
00:08 Altar of Darkness
00:14 Ziggurat
00:42 Crypt
01:20 Graveyard
01:34 Ziggurat
02:55 Nerubian Tower
03:38 Tomb of Relics
04:39 Ziggurat
05:22 Halls of the Dead
06:13 Ziggurat
07:55 Slaughterhouse
08:05 Slaughterhouse
08:13 Nerubian Tower
10:19 Black Citadel
12:08 Ziggurat
14:26 Ziggurat
18:34 Ziggurat
18:41 Ziggurat
» items
team 2 (winner)
Hero_of_Time (
teal | 79 APM | 864 actions | 10:54)
2 Mountain King
1 Storm Bolt
1 Bash
1 Paladin
1 Holy Light
» actions
| Assign group hotkey | 15 | |
| Basic commands | 101 | |
| Build / train | 36 | |
| Enter build submenu | 15 | |
| Enter hero's abilities submenu | 3 | |
| Give item / drop item | 2 | |
| Remove unit from queue | 1 | |
| Right click | 493 | |
| Select / deselect | 110 | |
| Select group hotkey | 54 | |
| Use ability | 34 | |
864 total
» units
| Peasant | 8 | |
| Footman | 8 | |
| Rifleman | 4 | |
20 total
» upgrades
» buildings
| Farm | 6 | |
| Barracks | 2 | |
| Altar of Kings | 1 | |
| Lumber Mill | 1 | |
| Blacksmith | 1 | |
| Keep | 1 | |
| Arcane Vault | 1 | |
| Workshop | 1 | |
| Scout Tower | 1 | |
| Arcane Tower | 1 | |
16 total
» build order
00:07 Farm
00:11 Barracks
00:39 Altar of Kings
00:53 Farm
01:55 Lumber Mill
02:25 Farm
03:19 Blacksmith
03:25 Keep
03:39 Barracks
05:01 Farm
05:47 Arcane Vault
06:09 Farm
06:45 Farm
08:40 Workshop
09:07 Scout Tower
09:57 Arcane Tower
» items
| Scroll of Regeneration | 1 | |
| Potion of Mana | 2 | |
| Lesser Clarity Potion | 1 | |
| Scroll of Town Portal | 1 | |
5 total
Sorrowmarch (
purple | 85 APM | 2154 actions | 25:23)
6 Blood Mage
3 Flame Strike
2 Siphon Mana
1 Summon Phoenix
» actions
| Assign group hotkey | 120 | |
| Basic commands | 129 | |
| Build / train | 139 | |
| ESC pressed | 2 | |
| Enter build submenu | 42 | |
| Enter hero's abilities submenu | 6 | |
| Remove unit from queue | 1 | |
| Right click | 788 | |
| Select / deselect | 338 | |
| Select group hotkey | 440 | |
| Use ability | 149 | |
2154 total
» units
| Peasant | 16 | |
| Footman | 7 | |
| Goblin Shredder | 3 | |
| Goblin Zeppelin | 4 | |
| Mortar Team | 6 | |
| Goblin Sapper | 2 | |
| Sorceress | 1 | |
39 total
» upgrades
| Masonry | 3 | |
| Swords | 1 | |
| Gunpowder | 3 | |
| Armor | 3 | |
| Fragmentation Shards | 1 | |
| Magic Sentry | 1 | |
| Sorceress Training | 2 | |
| Flare | 1 | |
15 total
» buildings
| Altar of Kings | 1 | |
| Barracks | 1 | |
| Farm | 6 | |
| Arcane Vault | 1 | |
| Lumber Mill | 1 | |
| Town Hall | 1 | |
| Keep | 5 | |
| Scout Tower | 26 | |
| Guard Tower | 39 | |
| Castle | 3 | |
| Blacksmith | 1 | |
| Workshop | 2 | |
| Arcane Sanctum | 1 | |
88 total
» build order
00:53 Altar of Kings
00:55 Barracks
00:58 Farm
01:05 Farm
01:09 Farm
01:52 Arcane Vault
02:02 Farm
02:40 Lumber Mill
04:10 Town Hall
05:10 Farm
05:23 Keep
05:24 Keep
05:24 Keep
07:21 Scout Tower
07:22 Scout Tower
07:23 Scout Tower
07:24 Scout Tower
07:26 Scout Tower
07:27 Scout Tower
07:28 Scout Tower
07:44 Scout Tower
07:46 Scout Tower
07:49 Scout Tower
07:51 Scout Tower
07:53 Guard Tower
07:53 Guard Tower
07:57 Castle
07:58 Castle
07:58 Guard Tower
07:58 Guard Tower
08:12 Blacksmith
08:14 Guard Tower
08:20 Guard Tower
08:21 Guard Tower
08:21 Guard Tower
08:22 Guard Tower
08:22 Guard Tower
08:23 Guard Tower
08:23 Guard Tower
08:24 Guard Tower
09:30 Workshop
09:35 Workshop
10:44 Arcane Sanctum
11:27 Scout Tower
11:29 Scout Tower
11:30 Scout Tower
11:30 Scout Tower
11:34 Scout Tower
12:05 Guard Tower
12:05 Guard Tower
12:05 Guard Tower
12:06 Guard Tower
12:07 Scout Tower
12:08 Scout Tower
12:08 Scout Tower
12:11 Scout Tower
12:12 Scout Tower
12:14 Guard Tower
12:14 Guard Tower
12:19 Scout Tower
12:19 Scout Tower
12:20 Scout Tower
12:21 Scout Tower
12:22 Scout Tower
12:39 Guard Tower
12:39 Guard Tower
12:39 Guard Tower
12:40 Guard Tower
12:40 Guard Tower
12:40 Guard Tower
12:49 Farm
12:52 Guard Tower
12:53 Guard Tower
12:53 Guard Tower
14:45 Guard Tower
» items
| Scroll of Regeneration | 3 | |
| Lesser Clarity Potion | 2 | |
| Scroll of Town Portal | 1 | |
6 total
JaSoElmWn (
yellow | 40 APM | 1018 actions | 25:23)
1 Demon Hunter
1 Mana Burn
1 Priestess of the Moon
1 Searing Arrows
» actions
| Assign group hotkey | 42 | |
| Basic commands | 67 | |
| Build / train | 28 | |
| Enter build submenu | 18 | |
| Enter hero's abilities submenu | 2 | |
| Right click | 373 | |
| Select / deselect | 163 | |
| Select group hotkey | 293 | |
| Use ability | 32 | |
1018 total
» units
| Wisp | 12 | |
| Dryad | 3 | |
| Hippogryph | 2 | |
| Mountain Giant | 1 | |
| Goblin Zeppelin | 1 | |
19 total
» upgrades
| Strength of the Wild | 1 | |
| Reinforced Hides | 1 | |
| Abolish Magic | 1 | |
3 total
» buildings
| Altar of Elders | 1 | |
| Moon Well | 6 | |
| Hunter's Hall | 1 | |
| Tree of Ages | 1 | |
| Ancient Protector | 2 | |
| Ancient of Wonders | 1 | |
| Ancient of Lore | 2 | |
| Tree of Eternity | 1 | |
| Ancient of Wind | 1 | |
| Tree of Life | 1 | |
17 total
» build order
00:33 Altar of Elders
00:35 Moon Well
01:45 Moon Well
02:26 Hunter's Hall
02:40 Moon Well
03:47 Tree of Ages
04:23 Moon Well
04:39 Ancient Protector
04:43 Ancient Protector
04:48 Moon Well
05:24 Moon Well
05:38 Ancient of Wonders
07:00 Ancient of Lore
07:28 Ancient of Lore
08:10 Tree of Eternity
08:18 Ancient of Wind
24:12 Tree of Life

»
Darkmen (
orange | 35 APM | 388 actions | 10:59)
1 Demon Hunter
1 Immolation
1 Keeper of the Grove
1 Force of Nature
» actions
| Build / train | 37 | |
| Enter build submenu | 19 | |
| Enter hero's abilities submenu | 2 | |
| Give item / drop item | 2 | |
| Remove unit from queue | 1 | |
| Right click | 150 | |
| Select / deselect | 146 | |
| Use ability | 31 | |
388 total
» units
» upgrades
| Druid of the Claw Training | 2 | |
| Abolish Magic | 1 | |
| Strength of the Wild | 1 | |
| Reinforced Hides | 1 | |
| Ultravision | 1 | |
| Well Spring | 1 | |
7 total
» buildings
| Altar of Elders | 1 | |
| Moon Well | 5 | |
| Ancient of Wonders | 1 | |
| Ancient of War | 1 | |
| Tree of Ages | 1 | |
| Hunter's Hall | 1 | |
| Ancient of Lore | 3 | |
| Tree of Eternity | 1 | |
| Tree of Life | 3 | |
| Ancient of Wind | 1 | |
18 total
» build order
00:15 Altar of Elders
00:38 Moon Well
01:01 Ancient of Wonders
01:42 Ancient of War
02:03 Moon Well
03:02 Tree of Ages
03:11 Hunter's Hall
04:12 Moon Well
05:17 Moon Well
05:34 Ancient of Lore
05:38 Ancient of Lore
05:54 Ancient of Lore
06:29 Tree of Eternity
06:49 Moon Well
08:11 Tree of Life
08:30 Tree of Life
09:42 Ancient of Wind
10:16 Tree of Life
» items
Chat log
(00:26 / All) ICONTROLTHEGAME:
(00:26 / All) ICONTROLTHEGAME:
(00:27 / All) Beetlejuice: Top 5 HW MMA all time
(00:28 / All) delicate-flower: red #1
(00:39 / Allies) Sorrowmarch:
(00:46 / All) Beetlejuice: 1) Fedor, 2) Big Nog, 3) CroCop, 4 Josh Barnett, 5) Mark Kerr
(03:36 / All) Beetlejuice: I had level 3 dk that I absent mindedly sent to orange creeps on this map
(03:38 / All) Beetlejuice: and it creeped them
(03:40 / All) Beetlejuice: the 3 golems
(03:44 / All) Beetlejuice: that ws a long time ago tho
(05:57 / Allies) Sorrowmarch: I don't like leechers
(06:03 / Allies) JaSoElmWn: lol
(06:04 / Allies) JaSoElmWn: wow
(06:11 / Allies) JaSoElmWn: loked like u needed help
(06:12 / Allies) JaSoElmWn: thats all
(06:19 / Allies) Sorrowmarch: lvl 1 hero doesn't help
(06:23 / Allies) JaSoElmWn: what a fag. just communicate.
(06:28 / Allies) Sorrowmarch: I did
(06:36 / Allies) JaSoElmWn: by removing hp?
(06:40 / Allies) Sorrowmarch: yes
(06:42 / Allies) Sorrowmarch: that is communication
(06:43 / Allies) JaSoElmWn: ok. bad decision.
(06:46 / Allies) JaSoElmWn: ull learn.
(06:58 / Allies) Sorrowmarch: is that a threat?
(07:10 / Allies) JaSoElmWn: statement of fact. ull learn that to.
(07:13 / Allies) JaSoElmWn: o.
(07:15 / Allies) JaSoElmWn: can we play now
(07:16 / Allies) JaSoElmWn: plan?
(07:17 / Allies) JaSoElmWn: hit?
(09:02 / All) Sorrowmarch: fucking towers
(10:54 / Allies) Darkmen: purple 2 2k noob
(11:02 / All) Sorrowmarch: lol
(11:03 / Allies) JaSoElmWn: lol
(11:04 / All) Sorrowmarch: pussies
(11:07 / Allies) JaSoElmWn: purp 2k
(11:12 / Allies) JaSoElmWn: told u u lose.
(11:16 / Allies) Sorrowmarch: I win
(11:17 / Allies) Sorrowmarch: You lose
(11:18 / Allies) Sorrowmarch: Leave
(11:26 / All) Beetlejuice: they were all like level 1
(11:27 / All) ICONTROLTHEGAME: leave
(11:28 / Allies) JaSoElmWn: enjoy the loss.
(11:31 / Allies) Sorrowmarch: I win
(11:31 / All) Beetlejuice: maybe if yellow crept more than he harassed
(11:32 / Allies) Sorrowmarch: You lose
(11:40 / Allies) JaSoElmWn: is that so
(11:43 / Allies) Sorrowmarch: yes
(11:44 / All) Sorrowmarch: You leave
(11:45 / All) Sorrowmarch: I win
(11:46 / All) Sorrowmarch: You lose
(11:47 / Allies) JaSoElmWn: doubt that
(11:47 / All) Sorrowmarch: You lose
(11:48 / All) Sorrowmarch: I win
(11:49 / All) Sorrowmarch: Levae
(11:51 / Allies) Sorrowmarch: yes
(11:54 / Allies) Sorrowmarch: shut the fuck up and leave faggot
(11:57 / Allies) JaSoElmWn: lol
(13:54 / All) Sorrowmarch: nice mine red
(13:56 / All) Sorrowmarch: fucking trash
(13:59 / All) Sorrowmarch: get the fuck out you piece of shit
(14:00 / All) Sorrowmarch: I WON
(14:01 / All) Sorrowmarch: YOU LOSE
(14:01 / All) Sorrowmarch: OUT
(14:02 / All) Sorrowmarch: OUT
(14:03 / All) Sorrowmarch: You can leave
(14:12 / All) delicate-flower: wuts ur prob purp?
(14:39 / All) Sorrowmarch: yellow has fucking mountain giants LOL
(14:41 / All) Sorrowmarch: worse unit in the game
(14:43 / All) Sorrowmarch: absolute trashcan
(14:50 / Allies) JaSoElmWn: still couldnt kill one with all those gay towers
(14:52 / Allies) JaSoElmWn: oddly
(15:00 / All) Sorrowmarch: you couldn't do shit if you wanted to yellow
(15:01 / All) Beetlejuice: they didn't even creep golems
(15:07 / All) Sorrowmarch: shut the fuck up and only speak if spoken to you cuckold faggot
(16:25 / All) Sorrowmarch: why don't you stupid faggots leave already
(16:26 / All) Sorrowmarch: red
(16:30 / All) Sorrowmarch: get the fuck out and kill yourself
(16:34 / All) Sorrowmarch: pink
(16:38 / All) Sorrowmarch: get the fuck out and castrate yourself
(16:40 / All) ICONTROLTHEGAME: just leave#
(16:44 / All) Sorrowmarch: why don't YOU leave
(16:48 / All) Sorrowmarch: I fucking warned you taht you lose
(16:51 / All) Sorrowmarch: and you don't leave???
(16:57 / All) Sorrowmarch: get ready for the butthurt when you lose
(16:58 / All) JaSoElmWn: purp is a towering fag noob with 3k gold.
(16:59 / All) Sorrowmarch: stupid bitch
(17:09 / All) JaSoElmWn: enjoy wrekcing him
(17:12 / All) JaSoElmWn: 0 units.
(17:20 / All) Sorrowmarch: The only one getting wrecked
(17:22 / All) Sorrowmarch: is pink
(17:23 / All) Sorrowmarch: and red
(18:04 / All) Sorrowmarch: get the fuck out
(18:08 / All) Sorrowmarch: can't kill some simple fucking towers
(18:09 / All) Sorrowmarch: scrubs
(18:12 / All) Sorrowmarch: LEAVE
(18:14 / All) Sorrowmarch: LEAVE
(18:15 / All) Sorrowmarch: THE
(18:17 / All) Sorrowmarch: FUCK
(18:17 / All) Sorrowmarch: OUT
(18:37 / All) Sorrowmarch: LOL
(18:39 / All) Sorrowmarch: almost losing the lich
(18:47 / All) Sorrowmarch: LOL
(18:51 / All) Sorrowmarch: HE LOST THE FUCKING LICH TO TOWERSW
(18:51 / All) JaSoElmWn: purp must not like it when his dad rapes him... scarred for life... sad really.
(18:53 / All) Sorrowmarch: LOOK AT THIS FAGGOT
(18:54 / All) Sorrowmarch: HAHAHAHA
(18:56 / All) Sorrowmarch: RED
(18:57 / All) Sorrowmarch: WOW
(18:59 / All) Sorrowmarch: YOU ARE SO SKILLED
(19:01 / All) Sorrowmarch: SUCH A PRO AT WC3
(19:02 / All) Sorrowmarch: GET THE FUCK OUT
(19:05 / All) Sorrowmarch: I FUCKING TOLD YOU TO
(19:08 / All) Sorrowmarch: BOW TO YOUR SUPERIOR MOTHERFUCKER
(19:13 / All) Sorrowmarch: Pink obeyed
(19:16 / All) Sorrowmarch: so why don't YOU obey
(19:19 / All) Sorrowmarch: and GET THE FUCK OUT!
(19:35 / All) Beetlejuice: dragon hatcher LOL
(19:38 / All) Beetlejuice: what a gay name
(20:02 / All) Sorrowmarch: Red: loses acolytes to 1 hero, loses ziggurats to 1 hero, loses the game to 1 player
(20:14 / All) Sorrowmarch: Look at dumbass yellow too the little bitch is still here begging for me to get him the win in silence
(20:16 / All) Sorrowmarch: Fucking clown
(20:32 / Allies) Sorrowmarch: Hey you little fucking puerile child why don't you get the fuck out and go suck a dick?
(20:38 / All) Beetlejuice: meh bm didn't attack lawl
(20:41 / All) Sorrowmarch: He obeyed
(20:43 / All) Sorrowmarch: Time for yellow to lose
(20:47 / All) Sorrowmarch: Sorry buddy no free win for you this time
(20:47 / All) Beetlejuice: yellow should lose
(20:55 / All) Beetlejuice: oh
(20:56 / All) Beetlejuice: he's still here
(21:00 / All) Sorrowmarch: yeah
(21:05 / All) Sorrowmarch: gonna mortar my base in a sec
(21:20 / All) Sorrowmarch: just getting a few more first
(22:29 / All) Sorrowmarch: I tried to do just mindless shit talking to get in their heads
(22:31 / All) Sorrowmarch: I think it worked
(22:53 / All) JaSoElmWn: naw. ur not nearly smart enough. everyone knew from long time ago. lol.
(22:56 / All) Sorrowmarch: You lose
(22:59 / All) Sorrowmarch: Get the fuck out and shut the fuck up
(23:03 / All) Sorrowmarch: Speak if spoken to faggot
(23:05 / All) JaSoElmWn: lots of whacked out bitches like u on wc3
(23:06 / All) Sorrowmarch: WE have control
(23:07 / All) Sorrowmarch: Not you
(23:08 / All) JaSoElmWn: tons.
(23:10 / All) Sorrowmarch: You are powerless ingame and out
(23:12 / All) Sorrowmarch: SO GET THE FUCK OUT
(23:15 / All) Sorrowmarch: You get the losws
(23:23 / All) Sorrowmarch: Stay you get a loss
(23:25 / All) Sorrowmarch: Leave you get a tie
(23:29 / All) JaSoElmWn: hes quite a piece of work. ill give him that. lol.
(23:34 / All) Sorrowmarch: Either way you lost the game in multiple ways from being so fucking trash
(23:45 / All) JaSoElmWn: loss eitherway for all. lol.
(24:26 / All) Sorrowmarch: EASY
(24:40 / All) Sorrowmarch: Hope your chat was better than mine
(25:08 / All) Sorrowmarch: LOL yellow still flying around his 2 mountain giants and dh
(25:19 / All) Sorrowmarch: he makes the most shit unit in the game since he's the most shit player